[Event "Titled Tuesday Blitz March 14 Early 2023"]
[White "Chen, Justin"]
[Black "Kopczynski, Michal"]
[WhiteFideId "2098199"]
[BlackFideId "1124200"]
[WhiteElo "2289"]
[BlackElo "2212"]
[Result "1-0"]
[Round "07"]
[TimeControl "180+2"]
[Date "2023.03.14"]
[WhiteClock "0:00:09"]
[BlackClock "0:00:04"]

1. d4 Nf6 2. c4 g6 3. Nc3 Bg7 4. g3 d6 5. Bg2 O-O 6. Nf3 Nfd7 7. O-O Nc6 8. b3 e5 9. dxe5 Ndxe5 10. Bb2 Nxf3+ 11. Bxf3 Bh3 12. Re1 Qd7 13. Qd2 Rae8 14. Nd5 Ne5 15. Bh1 Qg4 16. Nxc7 Rd8 17. Nd5 h5 18. f4 Nd7 19. Bf3 Qe6 20. Bxg7 Kxg7 21. Rad1 Nc5 22. Qd4+ f6 23. b4 Na6 24. Qxa7 Rf7 25. Qd4 h4 26. Kf2 Nb8 27. Qe3 Qc8 28. Rg1 Re8 29. Qc3 hxg3+ 30. Rxg3 Rh8 31. Rdg1 Bf5 32. R1g2 Qe6 33. Qd4 Nc6 34. Qe3 Qd7 35. Qd2 Rh4 36. e4 Be6 37. Rxg6+ Kf8 38. Rg8# 1-0


[Site "https://www.chess.com"]

[Event "Titled Tuesday Blitz March 14 Early 2023"]
[White "Fiorito, Francisco"]
[Black "Rodchenkov, Sergey D."]
[WhiteFideId "180165"]
[BlackFideId "4168712"]
[WhiteElo "2341"]
[BlackElo "2277"]
[Result "0-1"]
[Round "07"]
[TimeControl "180+2"]
[Date "2023.03.14"]
[WhiteClock "0:01:31"]
[BlackClock "0:00:58"]

1. d4 d5 2. Nc3 Nf6 3. Bf4 c5 4. e3 cxd4 5. exd4 Bg4 6. f3 Bd7 7. Nb5 Bxb5 8. Bxb5+ Nc6 9. c3 Qb6 10. Qe2 e6 11. g4 a6 12. Bd3 Rc8 13. h4 Na5 14. Nh3 Nc4 15. Rh2 Bd6 16. h5 Bxf4 17. Nxf4 Qd6 18. Nh3 b5 19. f4 h6 20. Kf1 Nxg4 21. Bxc4 Nxh2+ 22. Kg2 Rxc4 23. Kxh2 b4 24. Qe3 bxc3 25. bxc3 O-O 26. Nf2 Rfc8 27. Rc1 Qa3 28. Nd1 Qxa2+ 29. Kh3 a5 30. Qd3 a4 31. Rc2 Qb3 32. Rb2 Rxc3 33. Rxb3 Rxb3 0-1


[Site "https://www.chess.com"]

[Event "Titled Tuesday Blitz March 14 Early 2023"]
[White "Horak, Martin"]
[Black "Kim, Sergey"]
[WhiteFideId "367095"]
[BlackFideId "13700570"]
[WhiteElo "2091"]
[BlackElo "2617"]
[Result "0-1"]
[Round "07"]
[TimeControl "180+2"]
[Date "2023.03.14"]
[WhiteClock "0:01:09"]
[BlackClock "0:02:04"]

1. e4 e5 2. Nc3 Nf6 3. Bc4 Bc5 4. d3 Nc6 5. f4 d6 6. Nf3 Bg4 7. Na4 O-O 8. Nxc5 dxc5 9. h3 Bxf3 10. Qxf3 Nd4 11. Qf2 b5 12. Bb3 c4 13. dxc4 Nxe4 14. Qe3 Qh4+ 15. g3 Nxg3 16. Qf2 exf4 17. Bxf4 Rfe8+ 18. Kd1 Qh5+ 19. Kc1 Nde2+ 0-1


[Site "https://www.chess.com"]

[Event "Titled Tuesday Blitz March 14 Early 2023"]
[White "Demin, Vladimir"]
[Black "Martic, Ivan"]
[WhiteFideId "4167457"]
[BlackFideId "929301"]
[WhiteElo "2613"]
[BlackElo "2360"]
[Result "1-0"]
[Round "07"]
[TimeControl "180+2"]
[Date "2023.03.14"]
[WhiteClock "0:00:17"]
[BlackClock "0:00:06"]

1. e4 c5 2. Nf3 d6 3. d4 cxd4 4. Qxd4 a6 5. Be3 Nc6 6. Qd2 Nf6 7. Nc3 g6 8. O-O-O Bg7 9. e5 dxe5 10. Qxd8+ Nxd8 11. Nxe5 O-O 12. Be2 Ne6 13. Bf3 Rb8 14. h3 h5 15. a4 Kh7 16. a5 Bh6 17. Bxh6 Kxh6 18. Nc4 Ng5 19. Be2 h4 20. Rhe1 Be6 21. Nd2 Rfd8 22. f4 Ngh7 23. Bf3 Nf8 24. Nde4 Nxe4 25. Bxe4 Nd7 26. b4 b6 27. Bd5 Bxd5 28. Nxd5 bxa5 29. bxa5 e6 30. Ne7 Nc5 31. Nc6 Rxd1+ 32. Rxd1 Rc8 33. Ne5 f6 34. Ng4+ Kg7 35. Rd6 Kf7 36. Rb6 Rc7 37. Kd2 Ke7 38. Nf2 Rd7+ 39. Ke3 Rc7 40. Nd3 Nd7 41. Rxa6 Rxc2 42. Ra7 Kd6 43. a6 Ra2 44. Nb4 Ra3+ 45. Kd4 Nc5 46. Kc4 Ra5 47. Kd4 Ra4 48. Kc3 Ra3+ 49. Kc4 Ra4 50. Kb5 Ra1 51. Ra8 Nb3 52. Rd8+ Kc7 53. Rf8 f5 54. Rf7+ Kd6 55. a7 Nd4+ 56. Kb6 Ra4 57. Na6 1-0


[Site "https://www.chess.com"]

[Event "Titled Tuesday Blitz March 14 Early 2023"]
[White "Filgueira, Hernan"]
[Black "Cheng, Xiao"]
[WhiteFideId "101770"]
[BlackFideId "2022915"]
[WhiteElo "2363"]
[BlackElo "2484"]
[Result "1-0"]
[Round "07"]
[TimeControl "180+2"]
[Date "2023.03.14"]
[WhiteClock "0:00:31"]
[BlackClock "0:00:46"]

1. c4 e5 2. Nc3 Nc6 3. Nf3 f5 4. d4 e4 5. Ng5 h6 6. Nh3 Nf6 7. e3 d5 8. Nf4 Ne7 9. Qb3 c6 10. h4 Qb6 11. Qc2 g6 12. Bd2 Bd7 13. Na4 Qc7 14. cxd5 Nfxd5 15. g3 Nxf4 16. gxf4 Nd5 17. Rg1 Rg8 18. Nc5 Bd6 19. O-O-O Bc8 20. Kb1 b6 21. Nb3 Bb7 22. Bc4 O-O-O 23. Rc1 Kb8 24. Qd1 Qe7 25. Qe2 Qxh4 26. Rh1 Qf6 27. Rxh6 Rh8 28. Rch1 Rxh6 29. Rxh6 Rh8 30. Rxh8+ Qxh8 31. Bxd5 cxd5 32. Qb5 Kc7 33. Bb4 a6 34. Bxd6+ Kxd6 35. Qxb6+ Bc6 36. Na5 Qc8 37. Nxc6 Qxc6 38. Qxc6+ Kxc6 39. Kc2 Kb5 40. Kb3 Kc6 41. Kb4 Kb6 42. a4 a5+ 43. Kc3 Kc6 44. b4 Kb6 45. bxa5+ Kxa5 46. Kb3 Ka6 47. Kb4 Kb6 48. a5+ Ka6 49. Kc5 Kxa5 50. Kxd5 Kb5 51. Ke6 Kc4 52. d5 Kd3 53. d6 Ke2 54. d7 Kxf2 55. d8=Q Kxe3 56. Qg5 Kf3 57. Qxg6 e3 58. Qg1 Kxf4 59. Qf1+ Ke4 60. Qxf5+ Kd4 61. Qf1 Ke4 62. Qe2 Kd4 63. Kf5 Kd5 64. Qxe3 Kc6 65. Qd3 Kc5 66. Ke5 Kb4 67. Qc2 Ka5 68. Qb3 Ka6 69. Kd6 Ka7 70. Kc7 Ka6 71. Qb6# 1-0


[Site "https://www.chess.com"]

[Event "Titled Tuesday Blitz March 14 Early 2023"]
[White "Bruedigam, Martin"]
[Black "Melikyan, Gnel"]
[WhiteFideId "24608033"]
[BlackFideId "54109990"]
[WhiteElo "2331"]
[BlackElo "2138"]
[Result "1-0"]
[Round "07"]
[TimeControl "180+2"]
[Date "2023.03.14"]
[WhiteClock "0:00:11"]
[BlackClock "0:00:03"]

1. d4 c5 2. d5 e5 3. e4 d6 4. Be3 f5 5. f3 Nf6 6. Nd2 fxe4 7. fxe4 Ng4 8. Bb5+ Kf7 9. Qf3+ Kg8 10. O-O-O Be7 11. Nh3 a6 12. Rdf1 Bf6 13. Be2 Nxe3 14. Qxe3 Nd7 15. Bg4 Nf8 16. Qe2 b5 17. Kb1 h6 18. Nf2 Ng6 19. g3 Ne7 20. Bxc8 Nxc8 21. Ng4 Bg5 22. Nf3 Nb6 23. h4 Be7 24. Ne3 Kh7 25. g4 Rf8 26. g5 Qd7 27. Nf5 g6 28. Nxh6 Rf4 29. h5 Raf8 30. hxg6+ Kxg6 31. Nf5 Nc4 32. Rh6+ Kf7 33. g6+ Ke8 34. g7 Rg8 35. Re6 Rxf5 36. exf5 Kf7 37. Rg1 Nb6 38. Qg2 Ke8 39. f6 Qxe6 40. dxe6 Bxf6 41. Qg6+ Ke7 42. Qf7+ 1-0


[Site "https://www.chess.com"]

[Event "Titled Tuesday Blitz March 14 Early 2023"]
[White "Miszler, Levente"]
[Black "Manukyan, Sargis A."]
[WhiteFideId "763276"]
[BlackFideId "13303970"]
[WhiteElo "2176"]
[BlackElo "2187"]
[Result "0-1"]
[Round "07"]
[TimeControl "180+2"]
[Date "2023.03.14"]
[WhiteClock "0:01:48"]
[BlackClock "0:02:20"]

1. Nf3 d5 2. c4 e6 3. g3 Nf6 4. Bg2 Be7 5. O-O O-O 6. d4 dxc4 7. Qc2 b5 8. a4 c6 9. axb5 cxb5 10. Ng5 h6 11. Nxf7 Rxf7 12. Bxa8 Qxd4 13. Be3 Qg4 14. Bf3 Qh3 15. Bg2 Qh5 16. Rxa7 Ng4 17. h3 Nxe3 18. fxe3 Rxf1+ 19. Kxf1 Bc5 20. Qe4 Bxa7 21. Qf4 Qf5 22. Nc3 g5 23. Qxf5 exf5 24. Nxb5 Bxe3 25. Bd5+ Kg7 26. Bxc4 Ba6 27. Nd6 Bxc4 28. Nxc4 Bd4 29. b4 Nd7 30. e3 Ba7 31. Ke2 Kf6 32. Nd6 Bb8 33. Ne8+ Kf7 0-1


[Site "https://www.chess.com"]

[Event "Titled Tuesday Blitz March 14 Early 2023"]
[White "Jovic, Stanoje"]
[Black "Turgut, Aydin"]
[WhiteFideId "905020"]
[BlackFideId "2078791"]
[WhiteElo "2236"]
[BlackElo "2259"]
[Result "1-0"]
[Round "07"]
[TimeControl "180+2"]
[Date "2023.03.14"]
[WhiteClock "0:00:32"]
[BlackClock "0:00:02"]

1. c4 e6 2. g3 Nf6 3. Bg2 d5 4. Nf3 dxc4 5. O-O Nbd7 6. a4 Be7 7. Na3 O-O 8. Nxc4 Nb6 9. b3 c5 10. Bb2 Nfd5 11. Rc1 Nxc4 12. bxc4 Nb4 13. d4 Bf6 14. Qb3 Qa5 15. Bc3 Bd7 16. Ra1 Bc6 17. Rfb1 b6 18. Bxb4 cxb4 19. Qxb4 Qh5 20. a5 Be4 21. Rb3 Rab8 22. Qd6 b5 23. Qf4 Bc2 24. g4 Qg6 25. Rxb5 Rbc8 26. c5 h5 27. h3 hxg4 28. hxg4 Rfd8 29. Rb7 a6 30. g5 Rxc5 31. dxc5 Bxa1 32. c6 e5 33. Qc4 Rd1+ 34. Bf1 Be4 35. Rb8+ Kh7 36. c7 Bf5 37. Qh4+ 1-0


[Site "https://www.chess.com"]

[Event "Titled Tuesday Blitz March 14 Early 2023"]
[White "polandchessplayer"]
[Black "Leve, Nitai"]
[BlackFideId "2006898"]
[WhiteElo "2597"]
[BlackElo "2144"]
[Result "1-0"]
[Round "07"]
[TimeControl "180+2"]
[Date "2023.03.14"]
[WhiteClock "0:00:30"]
[BlackClock "0:00:05"]

1. d4 d5 2. c4 c6 3. cxd5 cxd5 4. Nc3 Nf6 5. Nf3 Nc6 6. g3 Bf5 7. Bg2 e6 8. O-O Be7 9. Ne5 O-O 10. Bf4 Qb6 11. Na4 Qa5 12. Rc1 Rfc8 13. Nc3 Qb6 14. Na4 Qa5 15. Nc3 Qb6 16. Nxc6 bxc6 17. Qd2 Nh5 18. Be3 Rab8 19. Na4 Qa6 20. b3 Ba3 21. Nc5 Qb5 22. Rcd1 Nf6 23. h3 a5 24. g4 Bg6 25. g5 Bxc5 26. dxc5 Ne4 27. Bxe4 Bxe4 28. Bd4 a4 29. Qc3 axb3 30. Qg3 Qxe2 31. Qe5 f6 32. gxf6 Qf3 33. Qxe6+ Kh8 34. fxg7# 1-0


[Site "https://www.chess.com"]

[Event "Titled Tuesday Blitz March 14 Early 2023"]
[White "Tarasova, Viktoriya"]
[Black "Nurmanova, Alua"]
[WhiteFideId "4175840"]
[BlackFideId "13729390"]
[WhiteElo "2182"]
[BlackElo "2253"]
[Result "0-1"]
[Round "07"]
[TimeControl "180+2"]
[Date "2023.03.14"]
[WhiteClock "0:00:43"]
[BlackClock "0:00:45"]

1. d4 Nf6 2. c4 g6 3. Nc3 Bg7 4. e4 d6 5. h3 O-O 6. Be3 c5 7. d5 e6 8. Bd3 exd5 9. exd5 Re8 10. Nf3 Na6 11. O-O Nc7 12. a4 Na6 13. Qd2 Nb4 14. Bb1 a6 15. Re1 Bd7 16. Bf4 Qc7 17. Be3 Rab8 18. a5 b5 19. axb6 Qxb6 20. b3 a5 21. Ra3 Qc7 22. Bf4 Rxe1+ 23. Qxe1 Re8 24. Qd2 Nh5 25. Be3 Ra8 26. Na2 Nf6 27. Nc1 a4 28. bxa4 Rxa4 29. Rxa4 Bxa4 30. Bf4 Nd7 31. Ne2 Bb3 32. Qe3 Bxc4 33. Qe8+ Nf8 34. Ng3 Nxd5 35. Ne4 Nxf4 0-1


[Site "https://www.chess.com"]

[Event "Titled Tuesday Blitz March 14 Early 2023"]
[White "Klepikov, Nikita"]
[Black "Rosen, Eric"]
[WhiteFideId "24145220"]
[BlackFideId "2032562"]
[WhiteElo "2025"]
[BlackElo "2331"]
[Result "0-1"]
[Round "07"]
[TimeControl "180+2"]
[Date "2023.03.14"]
[WhiteClock "0:00:05"]
[BlackClock "0:00:13"]

1. e4 c5 2. Nf3 Nc6 3. d4 cxd4 4. Nxd4 g6 5. Nc3 Bg7 6. Be3 Nf6 7. Bc4 O-O 8. Bb3 Re8 9. h3 d6 10. Qd2 Na5 11. Bh6 b6 12. Bxg7 Kxg7 13. O-O Bb7 14. Rae1 Rc8 15. f4 e5 16. Ndb5 Ba6 17. Qxd6 Rxc3 18. Qxd8 Rxd8 19. fxe5 Rxb3 20. exf6+ Kf8 21. axb3 Bxb5 22. c4 Bc6 23. Re3 Re8 0-1


[Site "https://www.chess.com"]

[Event "Titled Tuesday Blitz March 14 Early 2023"]
[White "Buscar, Michael"]
[Black "Domingo Nunez, Alejandro"]
[WhiteFideId "2603616"]
[BlackFideId "22245561"]
[WhiteElo "2010"]
[BlackElo "2230"]
[Result "0-1"]
[Round "07"]
[TimeControl "180+2"]
[Date "2023.03.14"]
[WhiteClock "0:00:30"]
[BlackClock "0:01:03"]

1. d4 g6 2. c4 Bg7 3. Nc3 d6 4. Nf3 Bf6 5. e4 Bg7 6. h3 Nf6 7. Be2 O-O 8. Be3 Nbd7 9. Qd2 e5 10. d5 Nh5 11. g4 Nf4 12. Bxf4 exf4 13. Qxf4 Re8 14. O-O Nc5 15. Nd2 Qh4 16. Kg2 Bh6 17. Nf3 Qxh3+ 18. Kxh3 Bxf4 19. e5 dxe5 20. b4 Na6 21. Ne4 Kg7 22. a3 f5 23. Neg5 fxg4+ 24. Kg2 gxf3+ 25. Nxf3 Bg4 26. Rh1 Rad8 27. Nd4 Bxe2 28. Nxe2 c6 29. dxc6 bxc6 30. Rhd1 Nc7 31. Nc3 Ne6 32. Ne4 Rd4 33. Nd6 Rd8 34. c5 Ng5 35. Rxd4 exd4 36. Rd1 Bxd6 37. cxd6 Rxd6 38. Rd3 Kf6 39. Kg3 Kf5 0-1


[Site "https://www.chess.com"]

[Event "Titled Tuesday Blitz March 14 Early 2023"]
[White "Lopez Mulet, Inigo"]
[Black "Perez Rodriguez, Jennifer"]
[WhiteFideId "22235620"]
[BlackFideId "3507831"]
[WhiteElo "2289"]
[BlackElo "2170"]
[Result "1-0"]
[Round "07"]
[TimeControl "180+2"]
[Date "2023.03.14"]
[WhiteClock "0:02:05"]
[BlackClock "0:01:02"]

1. e4 e5 2. Nf3 Nc6 3. Bc4 Bc5 4. O-O Nf6 5. c3 Nxe4 6. d4 exd4 7. cxd4 Bb6 8. d5 Ne7 9. Qe2 Nd6 10. Bd3 f6 11. Nc3 O-O 12. Nh4 f5 13. Bg5 Rf7 14. Rae1 1-0


[Site "https://www.chess.com"]

[Event "Titled Tuesday Blitz March 14 Early 2023"]
[White "Santos Ruiz, Miguel"]
[Black "littlepillow2010"]
[WhiteFideId "22291482"]
[WhiteElo "2504"]
[BlackElo "2396"]
[Result "1-0"]
[Round "07"]
[TimeControl "180+2"]
[Date "2023.03.14"]
[WhiteClock "0:00:43"]
[BlackClock "0:00:01"]

1. e4 c5 2. Nf3 d6 3. Nc3 a6 4. d4 cxd4 5. Qxd4 Nc6 6. Qd3 Nf6 7. Nd5 Nxd5 8. exd5 Nb4 9. Qe4 a5 10. Bd2 Na6 11. Be2 Nc5 12. Qf4 e5 13. dxe6 Nxe6 14. Qg3 Be7 15. O-O-O O-O 16. h4 b6 17. Ng5 Nc5 18. Bc3 Bf5 19. Nxh7 Bg6 20. Nxf8 Ne4 21. Qf3 Qxf8 22. Bd4 Rc8 23. Bd3 f5 24. h5 Bh7 25. Bxe4 fxe4 26. Qxf8+ Kxf8 27. Be3 Bf6 28. Rxd6 Ke7 29. Rxb6 Rc7 30. h6 1-0


[Site "https://www.chess.com"]

[Event "Titled Tuesday Blitz March 14 Early 2023"]
[White "Tan, Zhongyi"]
[Black "Karas, Marek"]
[WhiteFideId "8603642"]
[BlackFideId "14928558"]
[WhiteElo "2519"]
[BlackElo "2233"]
[Result "1-0"]
[Round "07"]
[TimeControl "180+2"]
[Date "2023.03.14"]
[WhiteClock "0:00:08"]
[BlackClock "0:00:04"]

1. d4 e6 2. c4 d5 3. Nc3 Nf6 4. cxd5 Nxd5 5. e4 Nxc3 6. bxc3 c5 7. Nf3 cxd4 8. cxd4 Bb4+ 9. Bd2 Bxd2+ 10. Qxd2 O-O 11. Bc4 Nd7 12. O-O b6 13. Rad1 Bb7 14. Rfe1 Rc8 15. Bb3 h6 16. Re3 Nf6 17. Qe1 Qc7 18. h3 Rfe8 19. d5 exd5 20. e5 Ne4 21. Bxd5 Bxd5 22. Rxd5 Nc5 23. Nd4 Rcd8 24. Nb5 Qc6 25. Rxd8 Rxd8 26. Nd6 Ne6 27. Rg3 Qc2 28. Qe3 Kf8 29. Qf3 Qc7 30. Qf5 Kg8 31. Kh2 Rxd6 32. exd6 Qxd6 33. Qd3 Qc7 34. Kg1 Qc1+ 35. Qf1 Qc2 36. a3 Qa4 37. Rc3 Qd7 38. Qd3 Qb7 39. Qd6 Nc5 40. Re3 Qa6 41. Qd8+ Kh7 42. Qc7 Qc4 43. Qxa7 b5 44. Qe7 g6 45. Qf6 Ne4 46. Qf4 Qc1+ 47. Kh2 Ng5 48. h4 Ne6 49. Qxf7+ Ng7 50. Re7 Qc3 51. g3 Qd4 52. Qxg7+ Qxg7 53. Rxg7+ Kxg7 54. Kg2 Kf6 55. Kf3 Ke5 56. Ke3 Kd5 57. Kd3 h5 58. f3 Kc5 59. g4 Kd5 60. gxh5 gxh5 61. f4 Kc5 62. Ke4 Kc4 63. f5 Kb3 64. f6 1-0


[Site "https://www.chess.com"]

[Event "Titled Tuesday Blitz March 14 Early 2023"]
[White "Rom, Jasper"]
[Black "Shuvalov, Evgenij"]
[WhiteFideId "2023733"]
[BlackFideId "4187237"]
[WhiteElo "2233"]
[BlackElo "2080"]
[Result "1-0"]
[Round "07"]
[TimeControl "180+2"]
[Date "2023.03.14"]
[WhiteClock "0:00:05"]
[BlackClock "0:00:13"]

1. e4 e6 2. d4 d5 3. Bd3 c5 4. exd5 exd5 5. Nf3 c4 6. Be2 Nf6 7. b3 cxb3 8. axb3 Be7 9. O-O O-O 10. Bd3 Nc6 11. c3 Bg4 12. h3 Bh5 13. Be3 Ne4 14. c4 Nb4 15. Be2 Re8 16. Nfd2 Bxe2 17. Qxe2 Bf6 18. Nxe4 dxe4 19. Nc3 Nc6 20. Rfd1 Qb6 21. Nd5 Qd8 22. Qg4 a6 23. g3 Kh8 24. h4 h6 25. Qf5 Re6 26. Rac1 Rc8 27. Nf4 Re8 28. Nh5 Re6 29. d5 Rd6 30. Bf4 Ne7 31. Qg4 Rb6 32. d6 Ng8 33. Be3 Rxb3 34. Bd4 Bxd4 35. Rxd4 g6 36. Nf4 Qf6 37. Rcd1 Rd8 38. d7 Rd3 39. Nxd3 exd3 40. R4xd3 Ne7 41. Qe2 Nf5 42. Qd2 Kg7 43. Qf4 Qe7 44. Qc7 b5 45. c5 b4 46. c6 b3 47. Qb6 b2 48. Qxb2+ Kh7 49. c7 Ra8 50. d8=Q Rxd8 51. cxd8=Q Qxd8 52. Rxd8 g5 53. Qh8+ Kg6 54. Qg8+ Kh5 55. Qxf7+ Kg4 56. R8d4+ Kh3 57. Qxf5+ g4 58. Qxg4# 1-0


[Site "https://www.chess.com"]

[Event "Titled Tuesday Blitz March 14 Early 2023"]
[White "Fiorito, Joaquin"]
[Black "Pham, Le Thao Nguyen"]
[WhiteFideId "180173"]
[BlackFideId "12401226"]
[WhiteElo "2157"]
[BlackElo "2282"]
[Result "0-1"]
[Round "07"]
[TimeControl "180+2"]
[Date "2023.03.14"]
[WhiteClock "0:01:58"]
[BlackClock "0:01:18"]

1. d4 Nf6 2. Nc3 d5 3. Bf4 c6 4. e3 Bf5 5. f3 h6 6. g4 Bh7 7. h4 Nbd7 8. Qd2 e6 9. Nh3 Bb4 10. Bg3 Qa5 11. Nf4 Bxc3 12. bxc3 Nb6 13. g5 Nfd7 14. Bd3 Bxd3 15. cxd3 hxg5 16. Ne2 gxh4 17. Rxh4 O-O-O 18. Rxh8 Rxh8 19. Kf2 f6 20. e4 e5 21. dxe5 Nxe5 22. Bxe5 fxe5 23. Qg5 Qc5+ 24. d4 exd4 25. cxd4 Qf8 26. e5 Rh2+ 27. Ke3 Nc4+ 28. Kd3 Qxf3+ 0-1


[Site "https://www.chess.com"]

[Event "Titled Tuesday Blitz March 14 Early 2023"]
[White "Senft, Sean"]
[Black "Jeet, Jain"]
[WhiteFideId "2044960"]
[BlackFideId "5073022"]
[WhiteElo "1989"]
[BlackElo "2067"]
[Result "0-1"]
[Round "07"]
[TimeControl "180+2"]
[Date "2023.03.14"]
[WhiteClock "0:00:05"]
[BlackClock "0:02:03"]

1. e4 c6 2. d4 d5 3. exd5 cxd5 4. Bd3 Nf6 5. Nf3 Bg4 6. O-O Nc6 7. c3 e6 8. Bg5 Be7 9. Nbd2 Qb6 10. Qb3 Qc7 11. Rae1 h6 12. Bh4 Bxf3 13. Nxf3 O-O 14. Ne5 Nxe5 15. dxe5 Ne8 16. Bxe7 Qxe7 17. f4 g6 18. Rf3 Ng7 19. Rh3 h5 20. Qd1 b5 21. g4 hxg4 22. Qxg4 b4 23. Rh4 f5 24. exf6 Rxf6 25. Qh3 Kf7 26. Rh7 bxc3 27. Qh6 Rg8 28. bxc3 Qc5+ 29. Kg2 Qxc3 30. Re3 Qd2+ 31. Kf3 e5 32. Bxg6+ Rxg6 33. Qh3 e4+ 34. Rxe4 dxe4+ 35. Kxe4 Re6+ 36. Kf3 Re3+ 0-1


[Site "https://www.chess.com"]

[Event "Titled Tuesday Blitz March 14 Early 2023"]
[White "Matutururu, Maxman"]
[Black "Skatchkov, Pavel"]
[WhiteFideId "11004487"]
[BlackFideId "4121848"]
[WhiteElo "2447"]
[BlackElo "2476"]
[Result "0-1"]
[Round "07"]
[TimeControl "180+2"]
[Date "2023.03.14"]
[WhiteClock "0:00:07"]
[BlackClock "0:00:19"]

1. d4 Nf6 2. c4 e6 3. Nc3 d5 4. cxd5 exd5 5. Bg5 Bb4 6. Nf3 h6 7. Bh4 g5 8. Bg3 Ne4 9. Nd2 Nxg3 10. hxg3 Nc6 11. e3 Be6 12. Bd3 Qf6 13. O-O h5 14. Qf3 Ke7 15. Qxf6+ Kxf6 16. a3 Bd6 17. e4 Nxd4 18. exd5 Bf5 19. Bxf5 Kxf5 20. f4 g4 21. Nc4 Rhe8 22. Rae1 Bc5 23. Kh2 f6 24. b4 Bd6 25. Rd1 Ne2 26. Nb5 Rad8 27. Rfe1 Kg6 28. Ncxd6 cxd6 29. Rd2 a6 30. Nc7 Nxg3 31. Nxe8 Rxe8 32. f5+ Kg5 33. Rxe8 Nf1+ 34. Kg1 Nxd2 35. Rb8 Kxf5 36. Rxb7 Ke5 37. Rb6 Kxd5 38. Rxa6 f5 39. Ra5+ Ke4 40. a4 h4 41. b5 f4 42. b6 h3 43. gxh3 g3 44. b7 f3 45. Rg5 f2+ 46. Kg2 f1=Q+ 47. Kxg3 Qf4+ 48. Kg2 Qxg5+ 49. Kh1 Nf3 0-1


[Site "https://www.chess.com"]

[Event "Titled Tuesday Blitz March 14 Early 2023"]
[White "aidenzhouu"]
[Black "Jaskolka, Tomasz"]
[BlackFideId "1170791"]
[WhiteElo "2418"]
[BlackElo "2155"]
[Result "1-0"]
[Round "07"]
[TimeControl "180+2"]
[Date "2023.03.14"]
[WhiteClock "0:00:05"]
[BlackClock "0:00:15"]

1. d4 d5 2. c4 e5 3. dxe5 d4 4. Nf3 Nc6 5. a3 a5 6. g3 Be6 7. Nbd2 Qd7 8. Bg2 Nge7 9. O-O Ng6 10. b3 h5 11. Ne4 h4 12. Bb2 Rd8 13. Qd2 Be7 14. Rad1 Bh3 15. Bxh3 Qxh3 16. Neg5 Qf5 17. Qd3 Qxd3 18. Rxd3 hxg3 19. hxg3 Ngxe5 20. Rd2 Bf6 21. Nxe5 Nxe5 22. Ne4 b6 23. Nxf6+ gxf6 24. Rxd4 Ke7 25. Rfd1 Rdg8 26. R4d2 Ng4 27. Rd7+ Ke6 28. f3 Ne3 29. R1d3 Nf5 30. Rxc7 Rxg3+ 31. Kf2 Rh2+ 32. Ke1 Rgg2 33. Rc6+ Ke7 34. Bxf6+ Ke8 35. Rc8# 1-0


[Site "https://www.chess.com"]

[Event "Titled Tuesday Blitz March 14 Early 2023"]
[White "Bas Mas, Jose Joaquin"]
[Black "Ginzburg, Yakov"]
[WhiteFideId "22219064"]
[BlackFideId "4157176"]
[WhiteElo "2233"]
[BlackElo "2305"]
[Result "0-1"]
[Round "07"]
[TimeControl "180+2"]
[Date "2023.03.14"]
[WhiteClock "0:01:03"]
[BlackClock "0:00:54"]

1. e4 c5 2. Nc3 e6 3. Nf3 Nc6 4. g3 d5 5. exd5 exd5 6. d4 Bg4 7. Bg2 Nxd4 8. O-O Nf6 9. Qe1+ Be7 10. Ne5 Be6 11. Qd1 O-O 12. Bf4 Re8 13. Re1 Qb6 14. Na4 Qa5 15. c3 Nc6 16. a3 Nxe5 17. Bxe5 Rad8 18. b4 Qb5 19. Bf1 Qc6 20. b5 Qc8 21. b6 a6 22. Rb1 Bf5 23. Rb2 Qc6 24. Bc7 Rc8 25. Bg2 Bg4 26. Qc2 Bd7 27. c4 Qxa4 28. cxd5 Qxc2 29. Rxc2 Bd6 0-1


[Site "https://www.chess.com"]

[Event "Titled Tuesday Blitz March 14 Early 2023"]
[White "Manukyan, Sargis V."]
[Black "Fathy, Elameir"]
[WhiteFideId "13303465"]
[BlackFideId "10600396"]
[WhiteElo "2236"]
[BlackElo "2311"]
[Result "1-0"]
[Round "07"]
[TimeControl "180+2"]
[Date "2023.03.14"]
[WhiteClock "0:01:13"]
[BlackClock "0:00:03"]

1. d4 d5 2. c4 e6 3. Nc3 c6 4. Nf3 Nf6 5. cxd5 exd5 6. Bg5 Bd6 7. e3 O-O 8. Bd3 Re8 9. Qc2 h6 10. Bh4 Nbd7 11. O-O Be7 12. Rab1 Ne4 13. Bxe4 Bxh4 14. Bh7+ Kh8 15. Bd3 Be7 16. b4 a6 17. a4 Nf6 18. Ne5 Kg8 19. b5 cxb5 20. axb5 a5 21. b6 Bb4 22. Nb5 Qxb6 23. Nc7 Be6 24. Nxe8 Nxe8 25. Bh7+ Kf8 26. Bf5 Rc8 27. Bxe6 Rxc2 28. Nd7+ Ke7 29. Nxb6 fxe6 30. Rfc1 Rxc1+ 31. Rxc1 Nd6 32. g3 Kd8 33. Kg2 g6 34. g4 g5 35. h3 Ba3 36. Rc2 Bb4 37. f3 Ba3 38. Kg3 Bb4 39. Kf2 Ba3 40. Ke2 Bb4 41. Kd3 1-0


[Site "https://www.chess.com"]

[Event "Titled Tuesday Blitz March 14 Early 2023"]
[White "Buksa, Nataliya"]
[Black "Botez, Alexandra"]
[WhiteFideId "14123622"]
[BlackFideId "2603365"]
[WhiteElo "2316"]
[BlackElo "2059"]
[Result "1-0"]
[Round "07"]
[TimeControl "180+2"]
[Date "2023.03.14"]
[WhiteClock "0:00:10"]
[BlackClock "0:00:07"]

1. d4 c5 2. dxc5 e6 3. e4 Bxc5 4. Nf3 d6 5. Bd3 Nf6 6. O-O O-O 7. c4 a5 8. Qe2 e5 9. Nc3 Nc6 10. Bg5 Be6 11. Nd5 Bxd5 12. cxd5 Nd4 13. Nxd4 Bxd4 14. Rac1 h6 15. Be3 Bxe3 16. Qxe3 Nd7 17. b3 Nc5 18. Bb1 Qd7 19. h3 b5 20. a3 b4 21. axb4 axb4 22. Rc4 Rfb8 23. f4 f6 24. fxe5 fxe5 25. Qg3 Ra3 26. Rxc5 dxc5 27. Qxe5 Re8 28. Qh5 Rf8 29. Re1 Rxb3 30. e5 Qxd5 31. Be4 Qe6 32. Rd1 Kh8 33. Bd5 Qf5 34. Qxf5 Rxf5 35. Bxb3 Rxe5 36. Kf2 Kh7 37. Kf3 Kg6 38. Rd6+ Kh7 39. h4 Rf5+ 40. Kg4 Re5 41. h5 Re8 42. Rc6 Re5 43. Rc8 Rg5+ 44. Kh4 g6 45. Bc2 Kg7 46. hxg6 b3 47. Bxb3 Kxg6 48. Rg8+ Kf6 49. Rxg5 hxg5+ 50. Kg4 Kg6 51. Kf3 Kf5 52. Ke3 Ke5 53. Kd3 Kf4 54. Kc3 Ke5 55. Bd1 Kf4 56. Bf3 Ke5 57. Ba8 Kd6 58. Kc4 g4 59. Kb5 g3 60. Kc4 Ke5 61. Kxc5 Kf4 62. Kd4 Kg4 63. Ke3 Kh4 64. Kf3 Kg5 65. Kxg3 1-0


[Site "https://www.chess.com"]

[Event "Titled Tuesday Blitz March 14 Early 2023"]
[White "Sarkar, Justin"]
[Black "Dzhumagaliev, Yan"]
[WhiteFideId "2010011"]
[BlackFideId "24100110"]
[WhiteElo "2189"]
[BlackElo "2476"]
[Result "0-1"]
[Round "07"]
[TimeControl "180+2"]
[Date "2023.03.14"]
[WhiteClock "0:00:01"]
[BlackClock "0:01:28"]

1. e4 h5 2. d4 h4 3. Nc3 c6 4. Bc4 d5 5. exd5 b5 6. Bb3 b4 7. Nce2 cxd5 8. a3 bxa3 9. Rxa3 e6 10. Ra1 Nf6 11. Bg5 Qc7 12. Nf3 h3 13. g3 Ne4 14. Bf4 Bd6 15. O-O Nd7 16. Nd2 Ndf6 17. Nxe4 Nxe4 18. f3 Nf6 19. Ba4+ Bd7 20. Bxd7+ Nxd7 21. Bxd6 Qxd6 22. Qd2 Qe7 23. b3 Nb6 24. Rfc1 Qf6 25. Qf4 Nd7 26. c4 dxc4 27. bxc4 O-O 28. Qxf6 Nxf6 29. Nf4 Rfd8 30. Rd1 Rdc8 31. c5 a5 32. Nxh3 Nd5 33. Rd3 Nb4 0-1


[Site "https://www.chess.com"]